[Event "Titled Tuesday Blitz May 25 2021"]
[White "Villegas, Pierre"]
[Black "Terletsky, Oleg"]
[WhiteFideId "654183"]
[BlackFideId "14116774"]
[WhiteElo "2411"]
[BlackElo "2094"]
[Result "1-0"]
[Round "09"]
[TimeControl "180+1"]
[Date "2021.05.25"]
[WhiteClock "0:00:22"]
[BlackClock "0:00:02"]

1. d4 Nf6 2. c4 g6 3. f3 Bg7 4. e4 d6 5. Ne2 O-O 6. Be3 a6 7. Nec3 c6 8. Nd2 b5 9. a3 Nbd7 10. Be2 e5 11. d5 cxd5 12. cxd5 Nh5 13. g3 f5 14. exf5 gxf5 15. O-O f4 16. Bf2 fxg3 17. hxg3 Qg5 18. Nde4 Qg6 19. Bd3 Nf4 20. Bc2 Nh3+ 21. Kg2 Nf4+ 22. Kg1 Nh3+ 23. Kh2 Nxf2 24. Nxf2 Qf7 25. Kg2 Nf6 26. Nce4 Nxe4 27. Nxe4 Qe7 28. Rh1 Bf5 29. Nf2 Bxc2 30. Qxc2 h6 31. Rac1 Qf7 32. Qe4 Rac8 33. Ng4 Rxc1 34. Rxc1 Qd7 35. Qg6 Kh8 36. Rc6 Qf5 37. Qxf5 Rxf5 38. Rxd6 Rf7 39. Rd8+ Kh7 40. d6 1-0


[Site "https://www.chess.com"]

[Event "Titled Tuesday Blitz May 25 2021"]
[White "Visakh N R"]
[Black "Mirzoev, Azer"]
[WhiteFideId "25012223"]
[BlackFideId "13400304"]
[WhiteElo "2428"]
[BlackElo "2525"]
[Result "1/2-1/2"]
[Round "09"]
[TimeControl "180+1"]
[Date "2021.05.25"]
[WhiteClock "0:00:36"]
[BlackClock "0:00:03"]

1. e4 c6 2. Nf3 d5 3. d3 Nd7 4. g3 e5 5. Bg2 Ngf6 6. O-O Bd6 7. exd5 cxd5 8. c4 O-O 9. Nc3 d4 10. Nb5 Bb8 11. Bg5 h6 12. Bxf6 Nxf6 13. Re1 a6 14. Na3 Re8 15. c5 Nd7 16. Rc1 Ba7 17. Nc4 Nxc5 18. Nfxe5 Rb8 19. b4 Ne6 20. Qh5 Re7 21. Na5 Nf8 22. Nxf7 Rxf7 23. Bd5 g6 24. Bxf7+ Kxf7 25. Qxh6 Bf5 26. Nc4 Kg8 27. Ne5 Qf6 28. Qf4 Re8 29. g4 Ne6 30. Qg3 Bb8 31. gxf5 Qxf5 32. Qxg6+ Qxg6+ 33. Nxg6 Kf7 34. Ne5+ Kf6 35. Ng4+ Kf5 36. Re4 Rg8 37. h3 Nf4 38. Rc5+ Kg6 39. Rxd4 Ne2+ 40. Kg2 Nxd4 41. Rd5 Nc6 42. Rd7 b5 43. Rb7 Nxb4 44. a3 Nxd3 45. Rb6+ Kf5 46. Rxa6 Ne5 47. Ra5 Nxg4 48. hxg4+ Rxg4+ 49. Kh3 Ra4 50. Rxb5+ Be5 51. Rb3 Rf4 52. Kg2 Ra4 53. Rf3+ Ke6 54. Re3 Kd5 55. Kf3 Bd6 56. Rd3+ Ke6 57. Kg2 Rxa3 58. Rxa3 Bxa3 59. f4 Bd6 60. f5+ Kxf5 1/2-1/2


[Site "https://www.chess.com"]

[Event "Titled Tuesday Blitz May 25 2021"]
[White "Wagh Suyog"]
[Black "Pridorozhni, Aleksei"]
[WhiteFideId "25071688"]
[BlackFideId "4127870"]
[WhiteElo "2219"]
[BlackElo "2565"]
[Result "0-1"]
[Round "09"]
[TimeControl "180+1"]
[Date "2021.05.25"]
[WhiteClock "0:00:03"]
[BlackClock "0:00:26"]

1. e4 c5 2. b3 b6 3. Bb2 Bb7 4. Nc3 Nf6 5. e5 Ne4 6. Nf3 Nxc3 7. dxc3 Nc6 8. c4 g6 9. Bd3 Bg7 10. Qe2 Qc7 11. h4 h6 12. O-O-O O-O-O 13. a3 e6 14. Kb1 Rhg8 15. Rhe1 d6 16. exd6 Rxd6 17. Bxg7 Rxg7 18. Be4 Rxd1+ 19. Rxd1 Rg8 20. Bxc6 Bxc6 21. Ne5 Rd8 22. Rxd8+ Kxd8 23. Qd2+ Ke7 24. Qf4 Ke8 25. Nxg6 Qxf4 26. Nxf4 Ke7 27. g3 Kf6 28. Kc1 Kf5 29. Kd2 Kg4 30. Ke3 Bb7 31. Nd3 f6 32. b4 cxb4 33. axb4 e5 34. c5 Bd5 35. b5 bxc5 36. Nxc5 f5 37. Nd3 f4+ 38. gxf4 exf4+ 39. Nxf4 Bc4 40. Ng6 Bxb5 41. c4 Be8 42. Ne5+ Kxh4 43. f4 a5 44. c5 a4 45. c6 Bxc6 46. Nxc6 a3 47. Nb4 Kg4 48. Ke4 h5 49. f5 h4 50. f6 h3 51. f7 h2 52. f8=Q h1=Q+ 53. Kd4 Qa1+ 54. Kc4 Qb2 55. Qg8+ Kh3 56. Qh7+ Kg2 57. Qe4+ Kh2 58. Qh4+ Kg2 59. Qg5+ Kh2 60. Qf4+ Kg2 61. Nd5 a2 62. Ne3+ Kg1 63. Qg4+ Kh1 64. Qf3+ Kg1 65. Qg3+ Kh1 66. Qh4+ Kg1 67. Qe1+ Kh2 68. Nf1+ Kg2 69. Ne3+ Kf3 70. Qd1+ Kxe3 71. Qd3+ Kf2 72. Qf5+ Ke1 0-1


[Site "https://www.chess.com"]

[Event "Titled Tuesday Blitz May 25 2021"]
[White "Weetik, Vjacheslav"]
[Black "Manukyan, Artyom"]
[WhiteFideId "4153472"]
[BlackFideId "13305786"]
[WhiteElo "2728"]
[BlackElo "2580"]
[Result "0-1"]
[Round "09"]
[TimeControl "180+1"]
[Date "2021.05.25"]
[WhiteClock "0:00:01"]
[BlackClock "0:00:12"]

1. d4 d5 2. Bf4 Nf6 3. e3 c5 4. c3 Nc6 5. Nd2 cxd4 6. exd4 Bf5 7. Ngf3 e6 8. Nh4 Bg4 9. Qb3 Qd7 10. h3 Bh5 11. g4 Bg6 12. Nxg6 hxg6 13. Bg2 Bd6 14. Bg5 Rb8 15. a4 a6 16. Qd1 b5 17. axb5 axb5 18. b4 Rc8 19. O-O O-O 20. Qe2 Nh7 21. Be3 Ne7 22. Rac1 Ra8 23. Nb3 Ra3 24. Nc5 Qc6 25. Rfd1 Rb8 26. Bf1 Nc8 27. Rd2 Be7 28. f4 Nd6 29. Ra2 Rba8 30. Rca1 Rxa2 31. Rxa2 Rxa2 32. Qxa2 Nc4 33. Bc1 g5 34. f5 Qd6 35. Qe2 Qg3+ 36. Bg2 Qxc3 37. Nd3 Qxd4+ 38. Kh1 e5 39. Nf2 e4 40. Nxe4 dxe4 41. Bxe4 Nf6 42. Bf3 Bd6 43. Kg2 Qe5 44. Bxg5 Qg3+ 45. Kf1 Qxh3+ 46. Qg2 Qxg2+ 47. Kxg2 Ne5 48. Be2 Nd5 49. Bxb5 Nxb4 50. Kh3 f6 51. Bf4 Kf7 52. Be2 Nbc6 53. Be3 Na5 54. g5 Nac4 55. g6+ Ke7 56. Bd4 Na5 57. Kh4 Nac6 58. Bc3 Bc5 59. Kh3 Be3 60. Be1 Nd4 0-1


[Site "https://www.chess.com"]

[Event "Titled Tuesday Blitz May 25 2021"]
[White "Zhukova, Natalia"]
[Black "Goryachkina, Aleksandra"]
[WhiteFideId "14101513"]
[BlackFideId "4147103"]
[WhiteElo "2369"]
[BlackElo "2441"]
[Result "0-1"]
[Round "09"]
[TimeControl "180+1"]
[Date "2021.05.25"]
[WhiteClock "0:00:03"]
[BlackClock "0:00:04"]

1. c4 Nf6 2. Nc3 c5 3. Nf3 Nc6 4. d4 cxd4 5. Nxd4 g6 6. e4 d6 7. Be2 Bg7 8. Be3 O-O 9. O-O Nxd4 10. Bxd4 Bd7 11. h3 Bc6 12. Qc2 Nd7 13. Bxg7 Kxg7 14. b4 b6 15. Rad1 Rc8 16. Qb2 Kg8 17. Bg4 Rc7 18. f4 Nf6 19. e5 Nxg4 20. hxg4 Rd7 21. e6 fxe6 22. Qe2 Qe8 23. b5 Bb7 24. Qxe6+ Kh8 25. f5 Rf6 26. Qe3 Rc7 27. g5 Rxf5 28. Rxf5 gxf5 29. Rxd6 e5 30. g6 Qe7 31. Qd2 Qh4 32. Rd8+ Kg7 33. Rd7+ Rxd7 34. Qxd7+ Kxg6 35. Qe6+ Qf6 36. Qg8+ Kh6 37. Nd5 Bxd5 38. cxd5 e4 39. Qe6 Qxe6 40. dxe6 Kg6 0-1


[Site "https://www.chess.com"]

[Event "Titled Tuesday Blitz May 25 2021"]
[White "Zubov, Alexander"]
[Black "Diaz Camallonga, Carles"]
[WhiteFideId "14109409"]
[BlackFideId "22235256"]
[WhiteElo "2740"]
[BlackElo "2438"]
[Result "1-0"]
[Round "09"]
[TimeControl "180+1"]
[Date "2021.05.25"]
[WhiteClock "0:00:21"]
[BlackClock "0:00:02"]

1. d4 e6 2. c4 d5 3. Nf3 Nf6 4. Nc3 Be7 5. Bg5 h6 6. Bh4 O-O 7. e3 b6 8. Rc1 Bb7 9. a3 c5 10. dxc5 bxc5 11. Be2 Nbd7 12. O-O Rc8 13. Qc2 d4 14. exd4 Bxf3 15. Bxf3 cxd4 16. Ne4 Nxe4 17. Bxe7 Qxe7 18. Qxe4 Nc5 19. Qc2 a5 20. b4 axb4 21. axb4 Na6 22. b5 Nc5 23. Rb1 Rfd8 24. b6 d3 25. Qd2 Qd6 26. Rb5 Rb8 27. Rfb1 Nd7 28. Qe3 d2 29. h4 Rxb6 30. Rxb6 Nxb6 31. c5 Nd5 32. cxd6 Nxe3 33. fxe3 Rxd6 34. Kf2 g5 35. h5 Kg7 36. Rd1 f5 37. g4 Kf6 38. Ke2 1-0


[Site "https://www.chess.com"]

[Event "Titled Tuesday Blitz May 25 2021"]
[White "elcandado"]
[Black "Tronenkovs, Valdis"]
[BlackFideId "11601558"]
[WhiteElo "2633"]
[BlackElo "2232"]
[Result "1/2-1/2"]
[Round "09"]
[TimeControl "180+1"]
[Date "2021.05.25"]
[WhiteClock "0:00:05"]
[BlackClock "0:00:02"]

1. d4 Nf6 2. Bf4 e6 3. e3 b6 4. Qf3 Nc6 5. Nc3 Bb7 6. O-O-O d5 7. Kb1 Bd6 8. Nb5 O-O 9. Nxd6 cxd6 10. Qh3 Ne4 11. Bg3 Qf6 12. f3 Nxg3 13. hxg3 h6 14. g4 e5 15. Ne2 Ba6 16. c3 Qg5 17. f4 exf4 18. Nxf4 Bxf1 19. Rdxf1 Rae8 20. Qf3 Re4 21. Rh5 Qe7 22. Nxd5 Qe6 23. Rf5 f6 24. c4 Re8 25. Nc3 Rxe3 26. Qxc6 Re1+ 27. Rxe1 Qxe1+ 28. Kc2 Kh7 29. Qf3 Qe6 30. Qd3 Kg8 31. Nd5 Rc8 32. b3 b5 33. Rf4 Qxd5 34. Qf5 Qxg2+ 35. Rf2 Qc6 36. d5 Qc7 37. Qe6+ Kh8 38. Rf4 a6 39. a3 Qc5 40. Re4 Qc7 41. Kb2 Kh7 42. Qf5+ Kh8 43. Qe6 Kh7 44. Qf5+ Kh8 45. Qe6 1/2-1/2


[Site "https://www.chess.com"]

[Event "Titled Tuesday Blitz May 25 2021"]
[White "elohunter1999"]
[Black "Savitski, Andrei"]
[BlackFideId "13506161"]
[WhiteElo "2553"]
[BlackElo "2724"]
[Result "0-1"]
[Round "09"]
[TimeControl "180+1"]
[Date "2021.05.25"]
[WhiteClock "0:01:04"]
[BlackClock "0:02:18"]

1. d4 d5 2. c4 dxc4 3. e4 Nf6 4. e5 Nd5 5. Bxc4 Nb6 6. Bd3 Nc6 7. Ne2 Bg4 8. Be3 e6 9. Nbc3 Qd7 10. Qd2 O-O-O 11. Be4 Bh5 12. Nf4 Bg6 13. Nxg6 hxg6 14. Rd1 Nb4 15. O-O Kb8 16. Rc1 N4d5 17. Rfd1 Be7 18. Nxd5 Nxd5 19. Qa5 Bb4 20. Rxc7 Bxa5 21. Rxd7 Rxd7 22. a3 Rc8 23. g3 Bb6 24. Kg2 Ne7 25. h4 Nc6 26. d5 Bxe3 27. fxe3 Nxe5 0-1


[Site "https://www.chess.com"]

[Event "Titled Tuesday Blitz May 25 2021"]
[White "korbul"]
[Black "Estrada Nieto, Julian"]
[BlackFideId "5101018"]
[WhiteElo "2552"]
[BlackElo "2270"]
[Result "0-1"]
[Round "09"]
[TimeControl "180+1"]
[Date "2021.05.25"]
[WhiteClock "0:02:26"]
[BlackClock "0:01:51"]

1. d4 Nf6 2. c4 e6 3. Nf3 c5 4. d5 d6 5. Nc3 exd5 6. cxd5 g6 7. Bf4 a6 8. e4 Bg7 9. Bd3 Bg4 10. O-O O-O 11. h3 Bxf3 12. Qxf3 Nh5 13. Bh2 b5 14. a4 b4 15. Nd1 Nd7 16. Bxd6 Ne5 17. Bxe5 Bxe5 18. Rb1 a5 19. Ne3 Nf4 20. Nc4 Nxd3 21. Qxd3 Bd4 22. e5 Qxd5 23. Nb6 Bxf2+ 24. Rxf2 Qxd3 25. Nxa8 Qxb1+ 0-1


[Site "https://www.chess.com"]

[Event "Titled Tuesday Blitz May 25 2021"]
[White "ARTHURMOTIVATOR"]
[Black "Vovk, Orest"]
[BlackFideId "14113490"]
[WhiteElo "2336"]
[BlackElo "2203"]
[Result "1-0"]
[Round "10"]
[TimeControl "180+1"]
[Date "2021.05.25"]
[WhiteClock "0:00:06"]
[BlackClock "0:00:08"]

1. e4 Nc6 2. Nc3 Nf6 3. g3 d5 4. exd5 Nxd5 5. Bg2 Be6 6. Nf3 h6 7. O-O g6 8. Re1 Bg7 9. Nh4 Qd7 10. Ne4 b6 11. c3 O-O 12. d4 Rad8 13. Qe2 Kh7 14. Bd2 Nf6 15. Nxf6+ Bxf6 16. Nxg6 Kxg6 17. Qe4+ Bf5 18. Qxc6 Qxc6 19. Bxc6 Rd6 20. Be4 c5 21. Bxf5+ Kxf5 22. Bxh6 Rfd8 23. Bf4 Rd5 24. dxc5 bxc5 25. Be3 a5 26. Re2 c4 27. Kg2 a4 28. a3 Rb8 29. Rae1 Rdb5 30. Bd4 Rxb2 31. Re4 R8b3 32. Rf4+ Kg6 33. Bxf6 exf6 34. Rxc4 Rxa3 35. Ree4 f5 36. Red4 Raa2 37. Rf4 a3 38. Rc6+ f6 39. h4 Ra1 40. Ra6 Rb3 41. c4 a2 42. c5 Rb2 43. Rfa4 Rc2 44. c6 Rac1 45. Rxa2 Rxc6 46. Rxc6 Rxc6 47. Re2 f4 48. g4 Rc3 49. Ra2 Rc4 50. Kf3 Rb4 51. Ra5 Rc4 52. Rf5 Rc3+ 53. Kxf4 Rh3 54. h5+ Kg7 55. f3 Rh1 56. Ra5 Rf1 57. Ra7+ Kg8 58. Rb7 Rf2 59. h6 Rf1 60. Kf5 Rxf3+ 61. Kg6 Kf8 62. h7 Rh3 63. Rb8+ 1-0


[Site "https://www.chess.com"]

[Event "Titled Tuesday Blitz May 25 2021"]
[White "Acor, Corey"]
[Black "Praggnanandhaa R"]
[WhiteFideId "2024861"]
[BlackFideId "25059530"]
[WhiteElo "2810"]
[BlackElo "2555"]
[Result "0-1"]
[Round "10"]
[TimeControl "180+1"]
[Date "2021.05.25"]
[WhiteClock "0:00:09"]
[BlackClock "0:00:07"]

1. e4 c5 2. Nc3 Nc6 3. g3 g6 4. Bg2 Bg7 5. d3 d6 6. Be3 Rb8 7. Nf3 Nd4 8. h3 b5 9. Qd2 b4 10. Nd1 a5 11. Rb1 e6 12. O-O Ne7 13. Nxd4 cxd4 14. Bh6 O-O 15. Bxg7 Kxg7 16. f4 e5 17. f5 f6 18. fxg6 hxg6 19. Nf2 Be6 20. a3 Qc7 21. Bf3 Rb6 22. axb4 axb4 23. b3 Rc6 24. Rb2 Rc3 25. Bg4 Bf7 26. Bd1 Ng8 27. Bg4 Nh6 28. Bd1 Ra8 29. g4 Qe7 30. h4 Be6 31. Kh2 Rh8 32. Kg3 f5 33. Qg5 Qxg5 34. hxg5 f4+ 35. Kg2 Nf7 36. Ra2 Nxg5 37. Ra7+ Kf6 38. Rb7 d5 39. Rxb4 dxe4 40. Rb6 e3 41. Ne4+ Nxe4 42. dxe4 Ke7 43. g5 e2 44. Bxe2 Rxc2 45. Kf3 Rh3+ 46. Kf2 Rh2+ 47. Kf3 Rc3+ 48. Bd3 Rxd3# 0-1


[Site "https://www.chess.com"]

[Event "Titled Tuesday Blitz May 25 2021"]
[White "Aliavdin, Nikolai"]
[Black "Tsyhanchuk_Stanislav"]
[WhiteFideId "13502883"]
[WhiteElo "2268"]
[BlackElo "2488"]
[Result "0-1"]
[Round "10"]
[TimeControl "180+1"]
[Date "2021.05.25"]
[WhiteClock "0:01:17"]
[BlackClock "0:01:21"]

1. e4 e5 2. Nf3 Nf6 3. d3 Nc6 4. Nbd2 d5 5. Be2 g6 6. O-O Bg7 7. Re1 O-O 8. c3 Re8 9. h3 a5 10. a4 b6 11. Qc2 Ba6 12. Bf1 Qd7 13. exd5 Nxd5 14. Nc4 Rad8 15. Nfd2 f5 16. Na3 Nf4 17. Ndc4 Nxd3 18. Rd1 e4 19. Bg5 Rb8 20. Bxd3 exd3 21. Rxd3 Qe6 22. Re3 Qf7 23. b3 Rxe3 24. fxe3 Ne5 25. Nxe5 Bxe5 26. Bf4 Qf6 27. Bxe5 Qxe5 28. Qd2 Re8 29. Re1 f4 30. Nc2 Bb7 31. exf4 Qc5+ 32. Qd4 Rxe1+ 33. Nxe1 Qxd4+ 34. cxd4 Bd5 35. Nd3 Bxb3 36. Nb2 c6 37. Kf2 b5 38. axb5 cxb5 39. Ke3 a4 40. Kd3 a3 41. Kc3 0-1


[Site "https://www.chess.com"]

[Event "Titled Tuesday Blitz May 25 2021"]
[White "Ambartsumova, Karina"]
[Black "Vakhlamov, Igor L."]
[WhiteFideId "4166299"]
[BlackFideId "24126748"]
[WhiteElo "2262"]
[BlackElo "2405"]
[Result "0-1"]
[Round "10"]
[TimeControl "180+1"]
[Date "2021.05.25"]
[WhiteClock "0:00:01"]
[BlackClock "0:00:09"]

1. c4 Nf6 2. Nf3 c5 3. Nc3 Nc6 4. d4 cxd4 5. Nxd4 g6 6. Nc2 Bg7 7. e4 O-O 8. Be2 d6 9. O-O Nd7 10. Bd2 Nc5 11. b4 Bxc3 12. Bxc3 Nxe4 13. Bb2 e5 14. b5 Ne7 15. Kh1 Qb6 16. Qe1 Bf5 17. Ne3 Be6 18. Bd3 f5 19. f4 Rad8 20. Rd1 Qc5 21. Qe2 a6 22. a4 axb5 23. axb5 Ra8 24. fxe5 dxe5 25. Bxe4 fxe4 26. Ng4 Bxg4 27. Qxg4 Qxc4 28. Rfe1 Rf4 29. Qd7 Raf8 30. h3 Rf1+ 31. Kh2 Rxe1 32. Rxe1 Nf5 33. Bxe5 Qf7 34. Qd2 e3 35. Qd3 Re8 36. Bb2 Qc7+ 37. Kg1 Qc5 38. Re2 Ng3 39. Rc2 Qe7 40. Qd5+ Qf7 41. Qxf7+ Kxf7 42. Rc7+ Re7 43. Rxe7+ Kxe7 44. Bc3 Ne2+ 0-1


[Site "https://www.chess.com"]

[Event "Titled Tuesday Blitz May 25 2021"]
[White "Andreikin, Dmitry"]
[Black "Kretov, Evgenij"]
[WhiteFideId "4158814"]
[BlackFideId "4167821"]
[WhiteElo "2782"]
[BlackElo "2381"]
[Result "1/2-1/2"]
[Round "10"]
[TimeControl "180+1"]
[Date "2021.05.25"]
[WhiteClock "0:00:06"]
[BlackClock "0:00:17"]

1. e4 c5 2. Nc3 Nc6 3. Nge2 g6 4. d4 cxd4 5. Nxd4 Bg7 6. Be3 Nf6 7. Nb3 O-O 8. Be2 d6 9. O-O a5 10. a4 Be6 11. Nd4 Nxd4 12. Bxd4 Nd7 13. Bxg7 Kxg7 14. Nb5 Qb6 15. Kh1 Rac8 16. b3 Qc5 17. Nd4 Ne5 18. f4 Nc6 19. Nb5 Nb4 20. c3 Nc6 21. Bd3 f6 22. Rc1 Bf7 23. Be2 Na7 24. Nxa7 Qxa7 25. c4 Qe3 26. Bd3 Rc5 27. Bc2 Rh5 28. Rf3 Qc5 29. Qd2 g5 30. Rg3 Kh8 31. fxg5 Rxg5 32. Rxg5 Qxg5 33. Qxg5 fxg5 34. e5 dxe5 35. Kg1 Rd8 36. Be4 b6 37. c5 bxc5 38. Rxc5 Bxb3 39. Rxa5 Rd4 40. Rxe5 Bxa4 41. Rxe7 Rd7 42. Re5 Rg7 43. Kf2 Bd7 44. Rd5 Kg8 45. Rd6 Kf8 46. Rh6 Kg8 47. Kg3 Be8 48. Re6 Bf7 49. Rd6 Kf8 50. Rb6 h5 51. Kf2 Ke7 52. Ke3 Be6 53. Kd4 Kf6 54. Bd5 Re7 55. Ke4 Re8 56. h3 h4 57. Kf3 Kf5 58. Bxe6+ Rxe6 59. Rxe6 Kxe6 60. Kg4 Kf6 61. g3 hxg3 62. Kxg3 Kf5 63. h4 gxh4+ 64. Kxh4 1/2-1/2


[Site "https://www.chess.com"]

[Event "Titled Tuesday Blitz May 25 2021"]
[White "Aradhya, Garg"]
[Black "Gabrielian, Artur"]
[WhiteFideId "25006746"]
[BlackFideId "4131002"]
[WhiteElo "2146"]
[BlackElo "2539"]
[Result "0-1"]
[Round "10"]
[TimeControl "180+1"]
[Date "2021.05.25"]
[WhiteClock "0:00:09"]
[BlackClock "0:00:18"]

1. d4 Nf6 2. c4 c5 3. d5 e6 4. Nc3 exd5 5. cxd5 d6 6. Nf3 g6 7. e4 Bg7 8. Bd3 O-O 9. h3 Re8 10. O-O Nbd7 11. Re1 Ne5 12. Nxe5 Rxe5 13. Bf4 Nh5 14. Bxe5 Bxe5 15. Qf3 Nf4 16. Bf1 Qg5 17. Kh1 h5 18. Ne2 Nxe2 19. Qxe2 h4 20. Qe3 Qf6 21. Qf3 Qxf3 22. gxf3 Bxb2 23. Rab1 Be5 24. a4 b6 25. Kg2 Kg7 26. Bb5 Rb8 27. Rec1 Kf6 28. Rb3 Kg5 29. Bc6 f5 30. a5 Kf4 31. axb6 axb6 32. Rcb1 fxe4 33. fxe4 Kxe4 34. Rxb6 Rxb6 35. Rxb6 Bf5 36. Rb1 c4 37. Rd1 c3 38. Ba4 Bf4 39. Bb3 Bd2 40. Ra1 Ke5 41. Ra8 g5 42. f3 Bf4 43. Ra2 Kd4 44. Ra8 c2 45. Bxc2 Bxc2 46. Ra5 Bb3 47. Kf2 Bxd5 48. Ra4+ Ke5 49. Ra7 Be6 50. Kg2 d5 51. Ra5 Kd6 52. Ra6+ Ke7 53. Ra7+ Kf6 54. Ra8 d4 55. Rf8+ Ke7 56. Ra8 d3 57. Ra7+ Kf6 58. Kf2 d2 59. Ke2 Bc4+ 0-1


[Site "https://www.chess.com"]

[Event "Titled Tuesday Blitz May 25 2021"]
[White "Babiy, Olga"]
[Black "Marcziter, Dmitrii"]
[WhiteFideId "14117258"]
[BlackFideId "13900765"]
[WhiteElo "2213"]
[BlackElo "2155"]
[Result "0-1"]
[Round "10"]
[TimeControl "180+1"]
[Date "2021.05.25"]
[WhiteClock "0:00:13"]
[BlackClock "0:00:11"]

1. d4 d5 2. Nf3 c5 3. c4 e6 4. Nc3 Nc6 5. e3 Nf6 6. Be2 a6 7. O-O dxc4 8. Bxc4 b5 9. Be2 cxd4 10. exd4 Bb7 11. Bg5 Be7 12. a3 O-O 13. Qd2 h6 14. Bh4 Nd5 15. Bg3 Bf6 16. Rfd1 Nxc3 17. Qxc3 Rc8 18. Qd2 Ne7 19. Be5 Nd5 20. Rac1 Qe7 21. Bd3 Rfd8 22. Bb1 Bg5 23. Nxg5 Qxg5 24. Qd3 f5 25. g3 Nf6 26. Qe2 Bd5 27. Bc7 Rd7 28. Bf4 Rxc1 29. Bxg5 Rxd1+ 30. Qxd1 hxg5 31. Qc1 g4 32. Qc8+ Kf7 33. Bd3 Bf3 34. Qxa6 Rxd4 35. Qa7+ Rd7 36. Qe3 Ne4 37. Be2 Ng5 38. h4 Bxe2 39. Qxe2 Nf3+ 40. Kg2 Rd2 41. Qf1 Rxb2 42. Qa1 Rd2 43. Qc1 Kg6 44. Kf1 Rd5 45. Qc6 Re5 46. Qc1 Kf7 47. Qb1 Ke7 48. Qc1 Re1+ 49. Qxe1 Nxe1 50. Kxe1 Kd6 51. Kd2 Kc5 52. Kc3 g6 53. Kd3 e5 54. Kc3 e4 55. Kb3 f4 56. gxf4 e3 57. h5 gxh5 58. fxe3 g3 59. f5 g2 60. f6 Kd6 0-1


[Site "https://www.chess.com"]

[Event "Titled Tuesday Blitz May 25 2021"]
[White "Belenkaya, Dina"]
[Black "Madaminov, Mukhiddin"]
[WhiteFideId "24142654"]
[BlackFideId "14210703"]
[WhiteElo "2247"]
[BlackElo "1747"]
[Result "0-1"]
[Round "10"]
[TimeControl "180+1"]
[Date "2021.05.25"]
[WhiteClock "0:00:07"]
[BlackClock "0:00:30"]

1. e4 e6 2. Qe2 c5 3. Nf3 Nc6 4. g3 Be7 5. Bg2 d5 6. exd5 exd5 7. O-O Nf6 8. b3 O-O 9. Re1 Re8 10. Qf1 Bf5 11. d3 Nb4 12. Na3 h6 13. Bb2 a6 14. Ne5 Bd6 15. Re2 Qc7 16. f4 Re7 17. Bf3 Rae8 18. Rae1 Nxa2 19. g4 Bc8 20. g5 hxg5 21. fxg5 Bxe5 22. gxf6 Bxh2+ 23. Kh1 Rxe2 24. Rxe2 Rxe2 25. Qxe2 Qg3 26. Bg2 Qh4 27. fxg7 Be6 28. c4 d4 29. Nc2 b5 30. Qe4 Qxe4 31. Bxe4 Bf4 32. Kg2 Bc1 33. Kf2 Bxb2 34. Ke2 Nc3+ 35. Kf3 Nxe4 36. Kxe4 Kxg7 37. cxb5 axb5 38. Ke5 Bxb3 39. Ne1 c4 0-1


[Site "https://www.chess.com"]

[Event "Titled Tuesday Blitz May 25 2021"]
[White "Blomqvist, Erik"]
[Black "Vaishali, Rameshbabu"]
[WhiteFideId "1709437"]
[BlackFideId "5091756"]
[WhiteElo "2460"]
[BlackElo "2313"]
[Result "1-0"]
[Round "10"]
[TimeControl "180+1"]
[Date "2021.05.25"]
[WhiteClock "0:00:03"]
[BlackClock "0:00:02"]

1. e4 c5 2. Nf3 Nf6 3. Nc3 d5 4. exd5 Nxd5 5. Bb5+ Bd7 6. Ne5 Nf6 7. Nxd7 Nbxd7 8. O-O a6 9. Be2 e6 10. d4 cxd4 11. Qxd4 Bc5 12. Qh4 h6 13. Ne4 Nxe4 14. Qxe4 b5 15. Bf4 O-O 16. a4 b4 17. Rad1 Qc8 18. Rd3 Nf6 19. Qf3 Be7 20. c3 Qc5 21. Be3 Qa5 22. cxb4 Qxb4 23. b3 Rab8 24. Bd2 Qe4 25. Rd1 Rfc8 26. g3 Rc2 27. Be3 Rb2 28. Qxe4 Nxe4 29. Bf3 Nf6 30. Rc1 R2xb3 31. Rxb3 Rxb3 32. Rc6 a5 33. Rc8+ Kh7 34. Rc7 Ng8 35. Ra7 Rb1+ 36. Kg2 Bb4 37. Be4+ 1-0


[Site "https://www.chess.com"]

[Event "Titled Tuesday Blitz May 25 2021"]
[White "Bortnyk, Olexandr"]
[Black "Rostovtsev, Dmitry"]
[WhiteFideId "14120828"]
[BlackFideId "34278320"]
[WhiteElo "2723"]
[BlackElo "2143"]
[Result "1-0"]
[Round "10"]
[TimeControl "180+1"]
[Date "2021.05.25"]
[WhiteClock "0:02:04"]
[BlackClock "0:01:47"]

1. d4 Nf6 2. Nc3 d5 3. Bf4 a6 4. e3 e6 5. Nf3 c5 6. a3 Nc6 7. Bd3 Be7 8. dxc5 Bxc5 9. O-O O-O 10. e4 d4 11. e5 dxc3 12. exf6 gxf6 13. bxc3 e5 14. Nh4 exf4 15. Qh5 f5 16. Nxf5 Qf6 17. Ne7+ 1-0


[Site "https://www.chess.com"]

[Event "Titled Tuesday Blitz May 25 2021"]
[White "Buchenau, Frank"]
[Black "Senthil Maran K"]
[WhiteFideId "4604350"]
[BlackFideId "25035681"]
[WhiteElo "2255"]
[BlackElo "2194"]
[Result "0-1"]
[Round "10"]
[TimeControl "180+1"]
[Date "2021.05.25"]
[WhiteClock "0:00:02"]
[BlackClock "0:01:10"]

1. e4 c6 2. Nf3 d5 3. Nc3 dxe4 4. Nxe4 Nf6 5. Qe2 Nxe4 6. Qxe4 Nd7 7. Bc4 Nf6 8. Ne5 e6 9. Qe2 b5 10. Bb3 Bb7 11. O-O Qc7 12. d4 Bd6 13. a4 a6 14. c3 O-O 15. Re1 b4 16. Bd2 bxc3 17. bxc3 c5 18. dxc5 Bxc5 19. Bf4 Bd6 20. Rad1 Nd5 21. Bxd5 Bxd5 22. c4 Bxe5 23. Bxe5 Qxc4 24. Qxc4 Bxc4 25. Rd7 f6 26. Bg3 Rf7 27. Rxf7 Kxf7 28. Rc1 Rc8 29. f3 e5 30. Kf2 g5 31. Ke3 Ke6 32. h4 h6 33. hxg5 hxg5 34. Bf2 f5 35. Rb1 f4+ 36. Kd2 Rc6 37. g3 Bd5 38. gxf4 gxf4 39. Re1 Rc4 40. Ke2 Rc2+ 41. Kf1 Bxf3 42. Bd4 Re2 43. Rxe2 Bxe2+ 44. Kxe2 exd4 0-1


[Site "https://www.chess.com"]

[Event "Titled Tuesday Blitz May 25 2021"]
[White "Cardoso Cardoso, Jose Gabriel"]
[Black "Filali, Razzouki Marouane"]
[WhiteFideId "4430492"]
[BlackFideId "9003720"]
[WhiteElo "2343"]
[BlackElo "2073"]
[Result "1-0"]
[Round "10"]
[TimeControl "180+1"]
[Date "2021.05.25"]
[WhiteClock "0:00:47"]
[BlackClock "0:00:03"]

1. d4 Nf6 2. c4 c5 3. d5 b5 4. cxb5 a6 5. bxa6 g6 6. Nc3 Bg7 7. a7 Rxa7 8. e4 O-O 9. Nf3 Qa5 10. Bd2 Rb7 11. b3 Rb4 12. Bc4 Ba6 13. a3 Rxc4 14. bxc4 Bxc4 15. Qc2 Qa6 16. Ne5 d6 17. Nxc4 Qxc4 18. f3 Nbd7 19. Rc1 Ne5 20. Nd1 Nd3+ 21. Kf1 Qd4 22. Be3 Qe5 23. Qxd3 Nh5 24. g3 f5 25. Kg2 f4 26. Bf2 fxg3 27. hxg3 Bh6 28. Ne3 Qg5 29. Rxh5 Qxh5 30. Qe2 Qe5 31. Ng4 Qg7 32. Nxh6+ Qxh6 33. Be3 Qh5 34. a4 Qe5 35. a5 Ra8 36. a6 Qg7 37. Rb1 h6 38. Rb7 Kh7 39. a7 Qf6 40. Bf4 Rf8 41. e5 dxe5 42. Qxe5 Qxe5 43. Bxe5 g5 44. Rb8 Kg6 45. Rxf8 1-0


[Site "https://www.chess.com"]

[Event "Titled Tuesday Blitz May 25 2021"]
[White "Chernomordik, Pavel"]
[Black "Dong, Bao Nghia"]
[WhiteFideId "2804530"]
[BlackFideId "12400343"]
[WhiteElo "2299"]
[BlackElo "2409"]
[Result "0-1"]
[Round "10"]
[TimeControl "180+1"]
[Date "2021.05.25"]
[WhiteClock "0:01:32"]
[BlackClock "0:02:34"]

1. e4 e6 2. Nc3 d5 3. d4 dxe4 4. Nxe4 Bd7 5. Nf3 Bc6 6. Bd3 Nd7 7. Qe2 Ngf6 8. Neg5 Bxf3 9. Nxf3 Be7 10. Bd2 O-O 11. O-O-O c5 12. dxc5 Nxc5 13. Bc3 Nxd3+ 14. Rxd3 Qb6 15. Ne5 Rfd8 16. Re1 Rxd3 17. Nxd3 Rd8 18. Qf3 h6 19. g4 Nd5 20. Be5 Bf6 21. Bxf6 Nxf6 22. h4 Qa5 23. Re5 Rxd3 24. Rxa5 Rxf3 25. Rxa7 Rxf2 26. Rxb7 Nxg4 27. a4 Rf1+ 28. Kd2 Ra1 29. b3 e5 30. Ke2 f5 31. Ra7 e4 32. a5 f4 33. Re7 f3+ 34. Kd2 f2 0-1


[Site "https://www.chess.com"]